Construct Section Command Post
Selects Indian Artillery Battlegroup
Selects Towed ML 4.2-inch Heavy Mortar
Towed ML 4.2-inch Heavy Mortar
Construct Platoon Command Post
6-pounder Anti-tank Gun Team
Selects Gurkha Rifles Section
Selects Volunteer Infantry
Construct Company Command Post
6-pounder Anti-tank Gun Team
Selects Off-map Airburst Barrage
6-pounder Anti-tank Gun Team
Selects Perimeter Monitor